 Dungeon Crawl Stone Soup version 0.20.1-1-g8b1a95d (webtiles) character file.

25 tidbits the Insei (level 2, 0/36 HPs)
             Began as a Demigod Transmuter on Aug 19, 2017.
             Succumbed to an adder's poison
             ... on level 3 of the Dungeon.
             The game lasted 00:03:31 (230 turns).

tidbits the Insei (Demigod Transmuter)               Turns: 230, Time: 00:03:32

Health: 0/36       AC: 21    Str: 13    XL:     2   Next: 66%
Magic:  7/7        EV:  2    Int: 17    God:
Gold:   22         SH:  0    Dex: 16    Spells: 1/4 levels left

rFire    . . .     SeeInvis .   g - +1 whip (elec)
rCold    . . .     Gourm    .   (no shield)
rNeg     + + +     Faith    .   (armour currently unavailable)
rPois    +         Spirit   .   (helmet currently unavailable)
rElec    .         Reflect  .   (cloak currently unavailable)
rCorr    .         Harm     .   (gloves currently unavailable)
MR       .....     NoTele   +   (boots currently unavailable)
Stlth    ..........             (no amulet)
Regen    0.2/turn               j - ring of loudness (curse)
MPRegen  0.1/turn               (no ring)

@: lethally poisoned (0 -> -2), tree-form
A: high mp 1
a: no special abilities


You were on level 3 of the Dungeon.
You were not hungry.
You were a tree.
You visited 1 branch of the dungeon, and saw 3 of its levels.

You collected 22 gold pieces.

Inventory:

Hand Weapons
 g - a +1 whip of electrocution (weapon)
   (You found it on level 1 of the Dungeon)
Missiles
 a - 11 arrows
Armour
 b - a +0 robe (melded)
Jewellery
 j - a cursed ring of loudness (left branch)
   (You found it on level 1 of the Dungeon)
Scrolls
 h - a scroll of remove curse {unknown}
 m - a scroll of random uselessness {unknown}
Potions
 e - a potion of berserk rage {unknown}
 f - a potion of lignification
 l - a potion of curing {unknown}
Books
 c - a book of Changes

   Spells                             Type                      Level
   a - Beastly Appendage              Transmutation                1
   b - Sticks to Snakes               Transmutation                2
   c - Spider Form                    Transmutation/Poison         3
   d - Ice Form                       Ice/Transmutation            4
   e - Blade Hands                    Transmutation                5
Comestibles
 d - a bread ration
 i - a meat ration
 k - 2 chunks of flesh


   Skills:
 + Level 2.1 Fighting
 + Level 2.2 Dodging
 - Level 2.7 Unarmed Combat
 - Level 1.7 Spellcasting
 - Level 1.7 Transmutations


You had one spell level left.
You knew the following spells:

 Your Spells              Type           Power        Failure   Level  Hunger
e - Beastly Appendage     Tmut           #.....       10%         1    #......
k - Sticks to Snakes      Tmut           #.......     14%         2    ###....


Dungeon Overview and Level Annotations

Branches:
Dungeon (3/15)

Annotations:
D:3 Natasha


Innate Abilities, Weirdness & Mutations

You have an increased reservoir of magic. (+10% MP)


Message History

You closely miss the jackal.
The jackal bites you but does no damage.
The jackal barely misses you.
You closely miss the jackal. The jackal bites you.
You hit the jackal. You punch the jackal.
The jackal is severely wounded.
The jackal bites you. The jackal barely misses you.
An adder comes into view.
You barely miss the jackal.
The jackal is severely wounded.
The jackal barely misses you.
The adder moves out of view.
The jackal bites you but does no damage.
Casting: Beastly Appendage
Confirm with . or Enter, or press ? or * to list all spells.
You create a snake!
You now have 11 arrows.
The jackal closely misses you.
You barely miss the jackal.
The jackal is severely wounded.
The jackal barely misses you. The jackal misses you.
Your ball python closely misses the jackal.
Your ball python barely misses the jackal.
You closely miss the jackal.
The jackal is heavily wounded.
The jackal misses you.
Your ball python barely misses the jackal.
Your ball python grabs the jackal.
Your ball python constricts the jackal.
You hit the jackal. Lightning courses through the jackal!
You kill the jackal!
The kobold throws a stone.
The stone hits you but does no damage.
Unknown command.
The kobold throws a stone.
The stone hits you.
The kobold throws a stone.
The stone barely misses you.
The kobold throws a stone.
The stone hits you.
You hit the kobold but do no damage.
Your ball python bites the kobold but does no damage.
Your ball python closely misses the kobold.
The kobold misses you.
Your ball python bites the kobold.
Your ball python closely misses the kobold.
You hit the kobold.
You kill the kobold!
The adder closely misses you.
You barely miss the adder.
Your ball python barely misses the adder.
Your ball python grabs the adder.
Your ball python constricts the adder.
The adder misses you.
Your ball python bites the adder.
Your ball python constricts the adder.
You hit the adder.
The adder is severely wounded.
The adder bites you.
* * * LOW HITPOINT WARNING * * *
You are poisoned.
The adder poisons you!
Your ball python barely misses the adder.
Your ball python constricts the adder.
The adder bites you.
* * * LOW HITPOINT WARNING * * *
You hit the adder.
The adder is almost dead.
You feel sick.
Your ball python barely misses the adder.
Your ball python constricts the adder.
The adder closely misses you.
You hit the adder but do no damage.
The adder is almost dead.
Your ball python barely misses the adder.
Your ball python constricts the adder.
The adder dies!
Your Fighting skill increases to level 2!
Things that are here:
a kobold corpse; a jackal corpse A jackal comes into view.
You feel sick.
The jackal moves out of view.
The jackal barely misses you.
You hit the jackal.
The jackal is severely wounded.
The jackal closely misses you.
Your ball python bites the jackal but does no damage.
Your ball python closely misses the jackal.
You closely miss the jackal.
The jackal is heavily wounded.
You feel sick. The jackal bites you.
* * * LOW HITPOINT WARNING * * *
Your ball python bites the jackal but does no damage.
Your ball python grabs the jackal.
Your ball python constricts the jackal.
The jackal closely misses your ball python.
You hit the jackal but do no damage. Lightning courses through the jackal!
You kill the jackal!
Natasha drinks a potion.
Natasha suddenly seems more resistant.
Natasha, Servant of Life and Death comes into view.
You miss Natasha.
Your ball python closely misses Natasha. x2
Natasha claws you.
* * * LOW HITPOINT WARNING * * *
Your ball python bites Natasha but does no damage.
Your ball python closely misses Natasha.
You hit Natasha.
Natasha is lightly wounded.
Your ball python closely misses Natasha. x2
Natasha claws you.
* * * LOW HITPOINT WARNING * * *
It was a potion of lignification.
You turn into a tree.
Your +0 robe melds into your body.
Your roots penetrate the ground.
You die...

.....#...#
#...#.#.#
#.(...#.#
#.....#.#
#...#.# .#
#...<.#
....#...###
......hS#####
......#♣..†(#
......#####.#
..... #.#
.≈≈.. #.#
≈..≈ #.# ≈..≈
... #.# #..


You could see Natasha and a friendly ball python.

Vanquished Creatures
  A worm (D:2)
  A giant cockroach (D:2)
  6 jackals
  A frilled lizard (D:1)
  2 kobolds
  4 rats
15 creatures vanquished.

Vanquished Creatures (collateral kills)
  An adder (D:3)
1 creature vanquished.

Grand Total: 16 creatures vanquished

Notes
Turn   | Place    | Note
-------+----------+-------------------------------------------
     0 | D:1      | tidbits the Demigod Transmuter began the quest for the Orb.
     0 | D:1      | Reached XP level 1. HP: 15/15 MP: 5/5
    36 | D:1      | Reached skill level 1 in Fighting
   133 | D:2      | Reached XP level 2. HP: 20/24 MP: 5/7
   137 | D:2      | Learned a level 2 spell: Sticks to Snakes
   182 | D:2      | Reached skill level 2 in Dodging
   220 | D:3      | Reached skill level 2 in Fighting
   228 | D:3      | Noticed Natasha
   229 | D:3      | HP: 1/24 [Natasha (6)]
   230 | D:3      | Succumbed to an adder's poison

Skill      XL: |  1  2 |
---------------+-------+-----
Fighting       | 1 2 |  2.1
Dodging        | 2 |  2.2
Unarmed Combat | |  2.7
Spellcasting   | |  1.7
Transmutations | |  1.7

Action                   || total
-------------------------++-------
Melee: Whip              ||    43
       Kick              ||     2
       Unarmed           ||     1
       Punch             ||     1
 Cast: Beastly Appendage ||     4
       Sticks to Snakes  ||     1
  Use: Potion            ||     1
Armor: Robe              ||     5
Dodge: Dodged            ||    22

Table legend:
 A = Turns spent in this place as a percentage of turns spent in the entire game.
 B = Non-inter-level travel turns spent in this place as a percentage of non-inter-level travel turns spent in the entire game.
 C = Inter-level travel turns spent in this place as a percentage of turns spent in this place.
 D = Turns resting spent in this place as a percentage of non-inter-level travel turns spent in this place.
 E = Turns spent auto-exploring this place as a percentage of non-inter-level travel turns spent in this place.
 F = Non-inter-level travel turns spent in this place divided by the number of levels of this place that you've seen.
                   A       B       C       D       E      F
               +-------+-------+-------+-------+-------+----------------------
         Total | 100.0 | 100.0 |   0.0 |   0.0 |   0.0 |  74.7
       Dungeon | 100.0 | 100.0 |   0.0 |   0.0 |   0.0 |  74.7
               +-------+-------+-------+-------+-------+----------------------

Table legend:
 A = Kills in this place as a percentage of kills in entire the game.
 B = Kills by you in this place as a percentage of kills by you in the entire game.
 C = Kills by friends in this place as a percentage of kills by friends in the entire game.
 D = Other kills in this place as a percentage of other kills in the entire game.
 E = Experience gained in this place as a percentage of experience gained in the entire game.
 F = Experience gained in this place divided by the number of levels of this place that you have seen.
                   A       B       C       D       E      F
               +-------+-------+-------+-------+-------+----------------------
         Total | 100.0 | 100.0 | 100.0 |  -nan | 100.0 |  12.3
       Dungeon | 100.0 | 100.0 | 100.0 |  -nan | 100.0 |  12.3
               +-------+-------+-------+-------+-------+----------------------

Vault maps used:
D:1:      dpeg_arrival_shelter
D:2:      lemuel_doored_altar, first_bread
D:3:      cheibrodos_helix_gallery, lemuel_round_altar, uniq_natasha, uniq_ijyb
